 Dungeon Crawl Stone Soup version 0.29.0-11-gd7f09526c8 (webtiles) character file.

Game seed: 4348967765553038132

575 BigDaddyOpFi the Trooper (level 7, 0/44 HPs)
             Began as a Gargoyle Fighter on Sept 4, 2022.
             Slain by an ogre
             ... wielding a +0 giant club
              (17 damage)
             ... on level 3 of the Dungeon.
             The game lasted 00:04:17 (3577 turns).

BigDaddyOpFi the Trooper (Gargoyle Fighter)         Turns: 3577, Time: 00:04:17

Health: 0/44       AC: 11    Str: 25    XL:     7   Next: 35%
Magic:  7/7        EV: 10    Int:  9    God:
Gold:   115        SH:  4    Dex:  9    Spells: 6/6 levels left

rFire   . . .      SeeInvis .   a - +0 war axe
rCold   + . .      Faith    .   c - +0 buckler
rNeg    + . .      Spirit   .   o - +3 robe of the Chupacabra {rC+ Str+4 Stlth+}
rPois   ∞          Reflect  .   (no helmet)
rElec   +          Harm     .   (no cloak)
rCorr   .          Rampage  .   (no gloves)
Will    .....                   d - +0 pair of boots
Stlth   ++........              (no amulet)
HPRegen 0.14/turn               (no ring)
MPRegen 0.10/turn               (no ring)

@: mighty
A: sickness immunity, AC +4, negative energy resistance 1, electricity
resistance, torment resistance 1, petrification resistance
a: no special abilities


You were on level 3 of the Dungeon.
You visited 1 branch of the dungeon, and saw 4 of its levels.

You collected 115 gold pieces.

Inventory:

Hand Weapons
 a - a +0 war axe (weapon)
Armour
 b - a +0 scale mail
 c - a +0 buckler (worn)
 d - a +0 pair of boots (worn)
 o - the +3 robe of the Chupacabra (worn) {rC+ Str+4 Stlth+}
   (You found it on level 2 of the Dungeon)

   Str:       It affects your strength (+4).
   rC:        It protects you from cold.
   Stlth:     It makes you more stealthy.
Jewellery
 s - an amulet of faith
Wands
 f - a wand of paralysis (5)
Scrolls
 e - 2 scrolls of teleportation {unknown}
 g - 2 scrolls of fear {unknown}
 h - a scroll of summoning {unknown}
 i - 2 scrolls of immolation {unknown}
 j - 2 scrolls of identify {unknown}
 k - a scroll of poison {unknown}
 m - a scroll of vulnerability {unknown}
 q - a scroll of enchant armour {unknown}
 r - a scroll of enchant weapon {unknown}
Potions
 l - a potion of haste {unknown}
 p - 2 potions of curing {unknown}
 t - 2 potions of cancellation {unknown}
 u - 2 potions of brilliance


   Skills:
 + Level 5.0 Fighting
 * Level 4.6 Axes
 + Level 5.0 Armour
 + Level 4.9 Shields


You had 6 spell levels left.
You didn't know any spells.
Your spell library contained the following spells:

 Spells                   Type           Power      Damage    Failure   Level
 Gell's Gravitas          Tloc           0%         N/A       83%         3
 Lesser Beckoning         Tloc           0%         N/A       83%         3
 Teleport Other           Tloc           0%         N/A       83%         3


Dungeon Overview and Level Annotations

Branches:
Dungeon (4/15)
 Temple: D:4-7

Altars:


Innate Abilities, Weirdness & Mutations

You are immune to sickness and miasma.
Your stone body is resilient. (AC +4)
You are immune to poison.
You resist negative energy. (rN+)
You are resistant to electric shocks. (rElec)
You are resistant to unholy torment.
You are immune to petrification.


Message History

No target in view!
s - an amulet of faith No target in view!
A bat comes into view.
A bat is nearby!
A bat is nearby!
The helpless bat fails to defend itself.
You slice the bat!!
You kill the bat!
Things that are here:
a +0 short sword; a +0 chain mail Key pressed, stopping explore.
No target in view!
A quokka comes into view.
Found 17 gold pieces and 2 potions of brilliance.
A quokka is nearby!
The quokka barely misses you. You block the quokka's attack.
You barely miss the quokka. The quokka closely misses you.
You slash the quokka!
You kill the quokka!
t - 2 bubbling amethyst potions No target in view!
u - 2 potions of brilliance No target in view!
Found an escape hatch in the ceiling.
No target in view!
You now have 93 gold pieces (gained 17).
You now have 103 gold pieces (gained 10).
Found a stone staircase leading down.
No target in view!
You now have 115 gold pieces (gained 12).
An ogre comes into view. It is wielding a +0 giant club.
The ogre hits you with a +0 giant club!!
Ouch! That really hurt!
An ogre is nearby!
You are too injured to fight recklessly!
Okay, then.
You feel very mighty all of a sudden. The ogre hits you with a +0 giant club!
You die...

######### ##.#.####.......#
##.... ..........# #.....
#........# #.....# #........# #
..... #.......># #.. ...
#........# ... #...#.##........#
... #...O@..###.########.#
####.#### #........#.# #.
###########.#<# #.
#.......###.#.# #####
#.###.........#.#.#
....###########........##.#.#.#.#
###.##.......######.#..#........#
###.##.#####.# #.#.....#.#.###
.......# #.# #...#.......# #


You could see an ogre.

Vanquished Creatures
  Grinder (D:3)
  An ogre (D:3)
  A necrophage (D:4)
  A scorpion (D:3)
  Natasha (thrice) (D:2)
  4 adders
  2 worms (D:2)
  2 orcs (D:3)
  6 bats
  5 endoplasms
  4 giant cockroaches
  7 goblins
  5 hobgoblins (D:2)
  5 kobolds
  4 quokkas
  5 ball pythons
  4 frilled lizards
  9 rats
69 creatures vanquished.

Notes
Turn   | Place    | Note
-------+----------+-------------------------------------------
     0 | D:1      | BigDaddyOpFi the Gargoyle Fighter began the quest for the
                  | Orb.
     0 | D:1      | Reached XP level 1. HP: 14/14 MP: 1/1
   306 | D:1      | Reached XP level 2. HP: 19/19 MP: 2/2
  1544 | D:2      | You fall into a shaft and drop 2 floors!
  1560 | D:4      | Noticed a necrophage
  1568 | D:4      | Killed a necrophage
  1569 | D:4      | Reached XP level 3. HP: 15/24 MP: 3/3
  1569 | D:4      | Reached XP level 4. HP: 19/29 MP: 4/4
  1572 | D:3      | Noticed an ogre
  1579 | D:3      | Killed an ogre
  1580 | D:3      | Reached XP level 5. HP: 22/33 MP: 5/5
  1621 | D:3      | Noticed Grinder
  1622 | D:3      | Paralysed by Grinder for 4 turns
  2003 | D:2      | Identified the +3 robe of the Chupacabra {rC+ Str+4 Stlth+}
  2132 | D:2      | Noticed Natasha
  2158 | D:2      | Killed Natasha
  2159 | D:2      | Reached XP level 6. HP: 21/39 MP: 6/6
  2773 | D:2      | Noticed Natasha
  2781 | D:2      | Killed Natasha
  2802 | D:2      | Noticed Natasha
  2809 | D:2      | Killed Natasha
  3025 | D:3      | Paralysed by Grinder for 2 turns
  3030 | D:3      | Paralysed by Grinder for 5 turns
  3049 | D:3      | Killed Grinder
  3050 | D:3      | Reached XP level 7. HP: 24/44 MP: 7/7
  3222 | D:3      | Reached skill level 5 in Fighting
  3222 | D:3      | Reached skill level 5 in Armour
  3577 | D:3      | Slain by an ogre

Illustrated notes

Levels and vault maps discovered:
D:1:      spicycebolla_arrival_ecumenical, layout_basic, hangedman_glass_teeth
D:2:      layout_loops_cross, st_stairs_5, minmay_misc_feat_x, minmay_puff,
          uniq_natasha
D:3:      layout_loops_cross, minmay_misc_feat_chi, uniq_grinder
D:4:      kennysheep_six_static_rooms, layout_loops_ring

Skill      XL: |  1  2  3  4  5  6  7 |
---------------+----------------------+-----
Axes           | 2 3 4 |  4.6
Fighting       | 4 5 |  5.0
Armour         | 4 5 |  5.0
Shields        | 4 |  4.9

Action                   |  1- 3 |  4- 6 |  7- 9 || total
-------------------------+-------+-------+-------++-------
Melee: War axe           |    61 |   116 |    20 ||   197
  Use: Potion            |     1 |     2 |     1 ||     4
 Stab: Sleeping          |       |     2 |     1 ||     3
Armor: Scale mail        |    45 |    70 |       ||   115
       Robe              |       |    15 |    11 ||    26
       Skin              |       |     1 |       ||     1
Dodge: Dodged            |    37 |    58 |     8 ||   103
Block: Buckler           |    13 |    30 |     5 ||    48
